 Dungeon Crawl Stone Soup version 0.26.1-11-gd32895ea62 (webtiles) character file.

Game seed: 10161130382016377612

7548 Kahsius the Severer (level 10, -2/96 HPs)
             Began as a Minotaur Berserker on May 31, 2021.
             Was a High Priest of Trog.
             Slain by a killer bee (5 damage)
             ... on level 9 of the Dungeon.
             The game lasted 00:24:01 (9399 turns).

Kahsius the Severer (Minotaur Berserker)            Turns: 9399, Time: 00:24:01

Health: -2/96      AC: 14    Str: 25    XL:     10   Next: 96%
Magic:  9/9        EV:  9    Int:  2    God:    Trog [*****.]
Gold:   161        SH:  0    Dex: 10    Spells: 9/9 levels left

rFire    . . .     SeeInvis .   w - +2 war axe
rCold    . . .     Faith    .   (no shield)
rNeg     . . .     Spirit   .   e - +0 chain mail
rPois    .         Reflect  .   (helmet restricted)
rElec    .         Harm     .   z - +0 cloak
rCorr    .         Rampage  .   y - +2 pair of gloves
Will     .....     Clarity  +   (no boots)
Stlth    ..........             (no amulet)
HPRegen  0.26/turn              (no ring)
MPRegen  0.11/turn              (no ring)

@: lethally poisoned (-2 -> -22), berserk cooldown, slowed, very slow
A: retaliatory headbutt, hooves 1, horns 2, clarity, dopey 1, shaggy fur 1
a: Renounce Religion, Berserk, Trog's Hand, Brothers in Arms


You were on level 9 of the Dungeon.
You worshipped Trog.
Trog was extremely pleased with you.
You visited 1 branch of the dungeon, and saw 9 of its levels.

You collected 495 gold pieces.
You spent 334 gold pieces at shops.

Inventory:

Hand Weapons
 w - a +2 war axe (weapon)
 B - a +0 war axe of flaming
Armour
 e - a +0 chain mail (worn)
 u - a +0 leather armour of poison resistance
 y - a +2 pair of gloves (worn)
 z - a +0 cloak (worn)
Jewellery
 l - an uncursed ring of positive energy {unknown}
Wands
 x - a wand of disintegration (10)
Scrolls
 b - 2 scrolls of random uselessness
 d - 4 scrolls of immolation {unknown}
 f - 2 scrolls of magic mapping {unknown}
 g - 6 scrolls of remove curse
 h - 6 scrolls of identify
 i - a scroll of fear {unknown}
 m - 3 scrolls of amnesia {unknown}
 n - 4 scrolls of enchant armour {unknown}
 q - 4 scrolls of teleportation {unknown}
 t - 3 scrolls of fog {unknown}
 v - a scroll of blinking {unknown}
 A - a scroll of summoning {unknown}
Potions
 a - a potion of attraction {unknown}
 c - a potion of might
 j - 2 potions of heal wounds
 k - 3 potions of magic {unknown}
 o - 2 potions of invisibility
 p - 2 potions of ambrosia {unknown}
 r - 2 potions of brilliance {unknown}
 s - 2 potions of curing {unknown}


   Skills:
 + Level 11.4 Fighting
 + Level 15.8 Axes
 - Level 2.4 Armour
 - Level 2.1 Dodging
 + Level 2.9 Stealth


You had 9 spell levels left.
You didn't know any spells.
Your spell library was empty.

Dungeon Overview and Level Annotations

Branches:
Dungeon (9/15)             Temple (0/1) D:4
   Lair: D:8-11         Orc: D:9-12

Altars:
Ashenzari
Dithmenos
Fedhas
Gozag
Hepliaklqana
Nemelex Xobeh
Okawaru
Uskayaw
Xom
Zin
The Shining One

Shops:
D:6 (   D:8 !![


Innate Abilities, Weirdness & Mutations

You reflexively headbutt those who attack you in melee.
You have a pair of horns on your head.
You have large cloven feet.
You possess an exceptional clarity of mind.
You are dopey. (Int -2)
You are covered in fur. (AC +1)


Message History

The killer bee stings you but does no damage. x2
The killer bee closely misses you.
The killer bee stings you but does no damage. x6
You feel very sick.
The killer bee stings you but does no damage. x4
The killer bee stings you.
* * * LOW HITPOINT WARNING * * *
The killer bee stings you but does no damage.
The killer bee stings you.
* * * LOW HITPOINT WARNING * * *
The killer bee stings you.
* * * LOW HITPOINT WARNING * * *
The killer bee stings you but does no damage.
The killer bee stings you.
* * * LOW HITPOINT WARNING * * *
You are more poisoned.
The killer bee poisons you! The killer bee stings you.
* * * LOW HITPOINT WARNING * * *
The killer bee stings you.
You die...

+....#.#... ###.##.##..
#..###..# #...#..## +###
####+########.#...[.. ....†
#[............##.....
.†..y!####..yy.......##.'.....
..!yy.K..#..yyy......##.#.....
.†.Ky†##.yyyy@y<.†...#..#.....


..yyK ###..yy.......'.##..... ...y #...y.......######### †.. #...........# ..
#...........# # ###'######### #.. #### You could see 13 killer bees and a
kobold.

Vanquished Creatures
  A hydra (D:9)
  3 two-headed ogres (D:9)
  Pikel (D:4)
  A troll (D:9)
  A queen bee (D:9)
  2 yaks (D:9)
  A basilisk (D:9)
  Duvessa (D:4)
  An orc warrior (D:9)
  2 sky beasts
  2 black bears
  4 ogres
  6 centaurs
  3 bullfrogs
  Dowan (D:4)
  A water moccasin zombie (D:9)
  2 scorpions
  11 killer bees (D:9)
  10 wights
  A centaur zombie (D:7)
  4 bullfrog zombies
  An orc priest (D:3)
  A bullfrog skeleton (D:5)
  2 centaur skeletons
  3 hounds
  A jelly (D:6)
  5 orc wizards
  3 iguanas
  6 worker ants
  A killer bee zombie (D:8)
  A hound zombie (D:7)
  A hound skeleton (D:9)
  9 adders
  A shadow imp (D:7)
  4 ufetubi
  An ooze (D:5)
  A worm (D:4)
  A dart slug (D:1)
  8 leopard geckos
  30 orcs
  9 giant cockroaches
  9 goblins
  7 hobgoblins
  2 jackals (D:2)
  10 kobolds
  6 quokkas
  4 ball pythons
  7 bats
  6 frilled lizards
  A jackal zombie (D:7)
  5 rats
205 creatures vanquished.

Notes
Turn   | Place    | Note
-------+----------+-------------------------------------------
     0 | D:1      | Kahsius the Minotaur Berserker began the quest for the Orb.
     0 | D:1      | Reached XP level 1. HP: 19/19 MP: 0/0
   299 | D:1      | Reached skill level 4 in Axes
   363 | D:1      | Reached XP level 2. HP: 27/27 MP: 1/1
   840 | D:1      | Reached XP level 3. HP: 34/34 MP: 2/2
  1384 | D:2      | Found an iron altar of Okawaru.
  1430 | D:2      | Reached ** piety under Trog
  2059 | D:3      | Reached skill level 5 in Axes
  2059 | D:3      | Reached XP level 4. HP: 40/41 MP: 3/3
  2495 | D:3      | Reached skill level 5 in Fighting
  2646 | D:3      | Found a broken altar of Ashenzari.
  2673 | D:3      | Reached XP level 5. HP: 18/48 MP: 4/4
  2676 | D:3      | Reached skill level 6 in Axes
  2933 | D:3      | Reached *** piety under Trog
  3049 | D:3      | Found a shimmering altar of Xom.
  3051 | D:3      | Found a shimmering altar of Xom.
  3051 | D:3      | Found a hide-covered altar of Uskayaw.
  3053 | D:3      | Found a shimmering altar of Xom.
  3053 | D:3      | Found a blossoming altar of Fedhas.
  3053 | D:3      | Found a shadowy altar of Dithmenos.
  3208 | D:4      | Gained mutation: You possess an exceptional clarity of
                  | mind. [potion of mutation]
  3208 | D:4      | Gained mutation: You are dopey. (Int -2) [potion of
                  | mutation]
  3208 | D:4      | Gained mutation: You have large cloven feet. [potion of
                  | mutation]
  3208 | D:4      | Gained mutation: You are covered in fur. (AC +1) [potion of
                  | mutation]
  3210 | D:4      | HP: 2/48 [poisoned by a scorpion]
  3528 | D:4      | Noticed an ogre
  3532 | D:4      | Killed an ogre
  3533 | D:4      | Reached skill level 7 in Axes
  3533 | D:4      | Reached skill level 1 in Stealth
  3533 | D:4      | Reached XP level 6. HP: 57/57 MP: 5/5
  3589 | D:4      | Noticed Pikel
  3603 | D:4      | Killed Pikel
  3604 | D:4      | Reached skill level 9 in Axes
  3604 | D:4      | Reached XP level 7. HP: 64/64 MP: 6/6
  4093 | D:4      | Noticed Duvessa
  4094 | D:4      | Noticed Dowan
  4100 | D:4      | Killed Duvessa
  4105 | D:4      | Killed Dowan
  4106 | D:4      | Reached XP level 8. HP: 73/73 MP: 7/7
  4534 | D:4      | Found a staircase to the Ecumenical Temple.
  4645 | D:4      | Reached skill level 10 in Axes
  4821 | D:5      | Entered Level 5 of the Dungeon
  4928 | D:5      | Found a glowing silver altar of Zin.
  5257 | D:5      | Found a hide-covered altar of Uskayaw.
  5410 | D:5      | Found a glowing golden altar of the Shining One.
  5787 | D:6      | Reached skill level 11 in Axes
  5957 | D:6      | Found an opulent altar of Gozag.
  6019 | D:6      | Reached **** piety under Trog
  6146 | D:6      | Found a hazy altar of Hepliaklqana.
  6383 | D:6      | Found Afablel's Antique Weapon Shop.
  6443 | D:6      | Reached XP level 9. HP: 65/81 MP: 8/8
  6646 | D:7      | Reached skill level 12 in Axes
  7220 | D:7      | Found a sparkling altar of Nemelex Xobeh.
  7771 | D:8      | Found Foaxeck's Distillery.
  8090 | D:8      | Reached skill level 13 in Axes
  8236 | D:8      | Found Ipeleduot's Distillery.
  8320 | D:8      | Found Byaqiont's Armour Boutique.
  8350 | D:8      | Bought a +2 pair of gloves for 181 gold pieces
  8350 | D:8      | Bought a +0 cloak for 49 gold pieces
  8749 | D:8      | Bought a potion of invisibility for 104 gold pieces
  8808 | D:9      | Reached ***** piety under Trog
  8863 | D:9      | Noticed a two-headed ogre
  8877 | D:9      | Noticed a seven-headed hydra
  8903 | D:9      | Noticed a two-headed ogre
  8939 | D:9      | Noticed a two-headed ogre
  8942 | D:9      | Killed an 11-headed hydra
  8943 | D:9      | Reached skill level 10 in Fighting
  8943 | D:9      | Reached XP level 10. HP: 51/93 MP: 9/9
  8949 | D:9      | Reached skill level 14 in Axes
  8953 | D:9      | Killed a two-headed ogre
  9059 | D:9      | Killed a two-headed ogre
  9059 | D:9      | Received a gift from Trog
  9060 | D:9      | Reached skill level 15 in Axes
  9120 | D:9      | Killed a two-headed ogre
  9399 | D:9      | HP: 4/96 [killer bee (4)]
  9399 | D:9      | Slain by a killer bee

Illustrated notes

Levels and vault maps discovered:
D:1:      dpeg_arrival_stone_temple_mockup, layout_basic, serial_corexii_hall,
          corexii_hall_statues_t, corexii_hall_statues_i,
          hangedman_abyss_or_decor_lesser_grid
D:2:      layout_rooms, supply_closet_lemuel, chequers_jeans, st_stairs_14,
          okawaru_trees_1
D:3:      layout_loops_cross, cheibrodos_ashenzari_chains,
          minmay_misc_feat_pillars, doesnt_xom_only_xom
D:4:      layout_basic, minmay_temple_entry_poolview, minmay_misc_feat_chi,
          uniq_duvessa, uniq_pikel
D:5:      layout_loops_ring, lemuel_round_altar, zin_academy,
          lemuel_doored_altar
D:6:      layout_basic, nicolae_overflow_hidden_temple, serial_shops,
          shop_statue, grunt_gozag_breadcrumbs
D:7:      layout_rooms, nemelex_xobeh_ov_fountains_minmay
D:8:      layout_loops_corners, serial_shops, nicolae_shop_trees,
          nicolae_shop_statue_plus, kennysheep_windowed_goal
D:9:      layout_roguey [special_room_bee], marbit_many_paths,
          minmay_fractal_squares_gapless_7

Skill      XL: |  1  2  3  4  5  6  7  8  9 10 |
---------------+-------------------------------+-----
Axes           | 4 5 7 9 11 13 15 | 15.8
Fighting       | 4 5 6 7 8 10 11 | 11.4
Stealth        | 1 2 |  2.9
Armour         | |  2.4
Dodging        | |  2.1

Action                   |  1- 3 |  4- 6 |  7- 9 | 10-12 || total
-------------------------+-------+-------+-------+-------++-------
Melee: Hand axe          |    93 |    95 |    27 |       ||   215
       Headbutt          |    15 |    16 |    44 |    15 ||    90
       Kick              |       |     2 |    75 |    23 ||   100
       War axe           |       |       |   218 |    90 ||   308
Invok: Trog's Hand       |       |     1 |     2 |       ||     3
       Berserk           |       |     2 |     2 |     2 ||     6
  Use: Potion            |       |     5 |       |     2 ||     7
       Scroll            |       |       |     6 |     2 ||     8
 Stab: Sleeping          |     1 |       |       |       ||     1
Armor: Animal skin       |     1 |       |       |       ||     1
       Leather armour    |     9 |       |       |       ||     9
       Ring mail         |    15 |    21 |    36 |       ||    72
       Chain mail        |       |       |    40 |    78 ||   118
Dodge: Dodged            |    62 |    38 |   124 |    46 ||   270
